 Dungeon Crawl Stone Soup version 0.17-a0-1949-g1acca9a (webtiles) character file.

49 Kusio the Ruffian (level 3, 0/36 HPs)
             Began as a Troll Monk on Oct 2, 2015.
             Killed from afar by an orc wizard (4 damage)
             ... with a magic dart
             ... on level 3 of the Dungeon.
             The game lasted 00:03:15 (1239 turns).

Kusio the Ruffian (Troll Monk)                      Turns: 1239, Time: 00:03:15

Health: 0/36       AC:  6    Str: 20    XL:     3   Next: 53%
Magic:  2/2        EV: 11    Int:  6    God:
Gold:   56         SH:  0    Dex: 17    Spells: 0 memorised, 2 levels left

rFire  . . .     SeeInvis .       - Unarmed
rCold  . . .     Clarity  .     a - +1 robe
rNeg   . . .     SustAt   .     (no shield)
rPois  .         Gourm    +     (helmet restricted)
rElec  .         Spirit   .     (no cloak)
rCorr  .         Warding  .     (gloves unavailable)
rMut   .         Rnd*Tele +     (boots unavailable)
MR     .....                    (no amulet)
Stlth  ++........               n - ring of teleportation (curse)
                                i - +5 ring of dexterity

@: not resistant to hostile enchantments, unstealthy
A: unfitting armour, claws 3, fast metabolism 3, gourmand, regeneration 2,
shaggy fur 1, tough skin 2
a: Evoke Teleportation


You were on level 3 of the Dungeon.
You were very full.

You visited 1 branch of the dungeon, and saw 3 of its levels.

You collected 56 gold pieces.

Inventory:

Armour
 a - a +1 robe (worn)
Jewellery
 i - a +5 ring of dexterity (left claw)
 n - a cursed ring of teleportation (right claw)
Scrolls
 d - a scroll of remove curse {unknown}
 f - a scroll of enchant weapon {unknown}
 h - a scroll of amnesia {unknown}
 j - a scroll of identify
 m - a scroll of teleportation {unknown}
Potions
 e - a potion of might
 l - a potion of curing {unknown}
Comestibles
 b - 2 bread rations
 c - a slice of pizza
 g - 2 beef jerkies
 o - 2 chunks of flesh


   Skills:
 - Level 2.4 Fighting
 - Level 2.4 Dodging
 - Level 1.1 Stealth
 + Level 5.3 Unarmed Combat


You had 2 spell levels left.
You didn't know any spells.

Dungeon Overview and Level Annotations

Branches:
Dungeon (3/15)

Altars:


Innate Abilities, Weirdness & Mutations

You are too large for most types of armour.
You have claws for hands.
Your metabolism is lightning-fast.
You like to eat raw meat.
You heal very quickly.
You are covered in fur (AC +1).
You have very tough skin (AC +2).


Message History

You resist with significant effort.
You scratch the orc wizard.
The orc wizard is moderately wounded.
The orc warrior hits you from afar with a halberd!
The orc wizard hits you but does no damage.
You scratch the orc wizard but do no damage.
The orc wizard is moderately wounded.
The orc wizard hits you but does no damage.
The orc warrior barely misses you.
You closely miss the orc wizard. Your claw misses the orc wizard.
The orc wizard is moderately wounded.
The orc wizard hits you but does no damage. x2
The orc warrior hits you from afar with a halberd!
* * * LOW HITPOINT WARNING * * *
The orc wizard casts a spell at you. The magic dart hits you!
* * * LOW HITPOINT WARNING * * *
The orc wizard gestures at you while chanting.
The magic dart hits you!
You die...

.....%...
........## ###
...<.....######...
.........oo.....###
......oo#####......
....$...o..........
......!...["......#
........##.........
...........@.......
...................
........##.......#.
........###...^..#
....... ##...#...
### #### ##


You could see an orc warrior and 2 orc wizards.

Vanquished Creatures
  An adder (D:2)
  2 giant geckos
  6 bats
  3 giant cockroaches
  4 goblins
  5 hobgoblins
  4 jackals (D:2)
  3 giant newts
  3 kobolds
  5 rats
36 creatures vanquished.

Notes
Turn   | Place    | Note
--------------------------------------------------------------
     0 | D:1      | Kusio the Troll Monk began the quest for the Orb.
     0 | D:1      | Reached XP level 1. HP: 22/22 MP: 0/0
   117 | D:1      | Reached XP level 2. HP: 29/29 MP: 1/1
   829 | D:2      | Reached skill level 5 in Unarmed Combat
   829 | D:2      | Reached XP level 3. HP: 36/36 MP: 2/2
  1232 | D:3      | Noticed an orc warrior
  1239 | D:3      | Killed from afar by an orc wizard

Vault maps used:
D:1:      dpeg_arrival_chase, nrook_mini_backslash
D:2:      due_unseen_surprise
D:3:      grunt_temple_overflow_order_and_chaos_1, grunt_gozag_statues,
          first_bread, uniq_natasha

Action                   || total
-------------------------++-------
Melee: Unarmed           ||    74
  Use: Scroll            ||     2
 Stab: Sleeping          ||     1
  Eat: Chunk             ||    15
